 Dungeon Crawl Stone Soup version 0.29.0-7-g18a832c13a (webtiles) character file.

Game seed: 2438246551301182402

25314 snetch the Severer (level 12, -8/168 HPs)
             Began as a Minotaur Berserker on Aug 30, 2022.
             Was a High Priest of Trog.
             Mangled by a salamander
             ... wielding a +0 halberd
              (15 damage)
             ... in a volcano.
             The game lasted 00:53:12 (18029 turns).

snetch the Severer (Minotaur Berserker)            Turns: 18029, Time: 00:53:12

Health: -8/168     AC: 23    Str: 27    XL:     12   Next: 88%
Magic:  11/11      EV:  9    Int:  4    God:    Trog [*****.]
Gold:   1027       SH:  0    Dex: 10    Spells: 11/11 levels left

rFire   . . .      SeeInvis +   a - +5 executioner's axe (flame)
rCold   . . .      Faith    .   (shield currently unavailable)
rNeg    . . .      Spirit   .   L - +0 plate armour
rPois   +          Reflect  .   (helmet restricted)
rElec   .          Harm     .   v - +2 cloak
rCorr   .          Rampage  .   Y - +2 pair of gloves
Will    .....                   c - +0 pair of boots
Stlth   ..........              X - amulet of the acrobat
HPRegen 0.38/turn               K - ring of see invisible
MPRegen 0.12/turn               G - ring of poison resistance

@: berserking, very quick
A: horns 2, retaliatory headbutt
a: Renounce Religion, Berserk, Trog's Hand, Brothers in Arms


You were in a volcano.
You worshipped Trog.
Trog was extremely pleased with you.
You visited 3 branches of the dungeon, and saw 16 of its levels.
You also visited: Ossuary, Bailey and Volcano.

You collected 1127 gold pieces.
You spent 100 gold pieces at shops.

Inventory:

Hand Weapons
 a - a +5 executioner's axe of flaming (weapon)
 b - a +4 trident
Missiles
 h - 11 poisoned darts
 j - 146 stones
 n - 17 boomerangs (quivered)
 o - 6 atropa-tipped darts
 u - 2 silver javelins
 T - 4 curare-tipped darts
 Z - a throwing net
Armour
 c - a +0 pair of boots (worn)
 v - a +2 cloak (worn)
 L - a +0 plate armour (worn)
 Y - a +2 pair of gloves (worn)
Jewellery
 G - a ring of poison resistance (right hand)
 K - a ring of see invisible (left hand)
 X - an amulet of the acrobat (around neck)
Wands
 d - a wand of flame (7)
 x - a wand of acid (12)
 O - a wand of paralysis (18)
 V - a wand of roots (4)
Scrolls
 D - 3 scrolls of fog {unknown}
 E - 4 scrolls of poison {unknown}
 H - a scroll of torment {unknown}
 M - 4 scrolls of immolation {unknown}
 N - a scroll of magic mapping {unknown}
 S - 2 scrolls of brand weapon {unknown}
 U - a scroll of acquirement
 W - 3 scrolls of amnesia {unknown}
Potions
 e - a potion of mutation {unknown}
 g - a potion of invisibility {unknown}
 k - 7 potions of heal wounds
 l - 2 potions of magic {unknown}
 q - 5 potions of might
 r - 4 potions of haste {unknown}
 s - 7 potions of curing {unknown}
 w - 5 potions of lignification {unknown}
 A - 2 potions of brilliance {unknown}
 C - 2 potions of flight {unknown}
 F - a potion of berserk rage {unknown}
 I - a potion of cancellation {unknown}
 J - 2 potions of attraction {unknown}
 Q - a potion of ambrosia {unknown}
 R - 2 potions of resistance {unknown}
Miscellaneous
 p - a phial of floods
 P - a tin of tremorstones (2/2)


   Skills:
 + Level 12.1 Fighting
 + Level 15.0(15.6) Axes
 + Level 3.2(11.0) Maces & Flails
 + Level 6.2(12.2) Polearms
 + Level 6.0(7.6) Staves
 + Level 6.6 Throwing
 + Level 11.5 Armour
 + Level 4.3 Dodging
 + Level 1.8 Stealth
 - Level 6.2 Shields


You had 11 spell levels left.
You didn't know any spells.
Your spell library contained the following spells:

 Spells                   Type           Power      Damage    Failure   Level
 Beastly Appendage        Tmut           0%         N/A       99%         1
 Foxfire                  Conj/Fire      0%         2x1d4     99%         1
 Necrotise                Necr           0%         1d4       99%         1
 Ensorcelled Hibernation  Hex/Ice        0%         N/A       100%        2
 Passwall                 Tmut/Erth      0%         N/A       100%        2
 Scorch                   Fire           0%         2d5       100%        2
 Wereblood                Tmut           0%         N/A       100%        2
 Call Canine Familiar     Summ           0%         N/A       100%        3
 Confusing Touch          Hex            0%         N/A       100%        3
 Conjure Flame            Conj/Fire      0%         6-21      100%        3
 Inner Flame              Hex/Fire       0%         N/A       100%        3
 Portal Projectile        Hex/Tloc       0%         N/A       100%        3
 Spider Form              Tmut/Pois      0%         N/A       100%        3
 Swiftness                Air            0%         N/A       100%        3
 Tukima's Dance           Hex            0%         N/A       100%        3
 Vampiric Draining        Necr           0%         2d6       100%        3
 Corpse Rot               Necr/Pois/Air  0%         N/A       100%        4
 Flame Wave               Conj/Fire      0%         2d4       100%        4
 Leda's Liquefaction      Hex/Erth       0%         N/A       100%        4
 Agony                    Necr           0%         N/A       100%        5
 Alistair's Intoxication  Tmut/Pois      0%         N/A       100%        5
 Blade Hands              Tmut           0%         N/A       100%        5
 Yara's Violent Unravell  Hex/Tmut       0%         3d3       100%        5
 Summon Cactus Giant      Summ           0%         N/A       100%        6
 Enfeeble                 Hex            0%         N/A       100%        7


Dungeon Overview and Level Annotations

Branches:
Dungeon (13/15) Temple (1/1) D:4 Lair (0/5) D:10 Orc (2/2) D:12 Vaults (0/5) D:12 D:13 Ossuary (visited) Bailey (visited) Volcano (1/1) Elf: Orc:2

Altars:
Ashenzari
Cheibriados
Dithmenos
Elyvilon
Fedhas
Gozag
Hepliaklqana
Kikubaaqudgha
Makhleb
Nemelex Xobeh
Okawaru
Qazlal
Ru
Sif Muna
Trog
Uskayaw
Vehumet
Wu Jian
Xom
Yredelemnul
Zin
The Shining One

Shops:
D:11 *   Orc:1 **

Annotations:
D:1 eyes behind stone
D:10 1 runed translucent door
D:13 Nessos


Innate Abilities, Weirdness & Mutations

You have a pair of horns on your head.
You reflexively headbutt those who attack you in melee.


Message History

The blast of flame hits the salamander.
The salamander completely resists.
The blast of flame hits the hell hog.
The hell hog completely resists.
The blast of flame hits you.
The hell hog bites you but does no damage.
Found a chain mail of fire resistance.
You slice the hell hog!!
The hell hog is heavily wounded.
The hell hog breathes fire at you.
The fireball explodes!
The fireball engulfs you.
The fireball engulfs the hell hog.
The hell hog completely resists.
The salamander hits you from afar with a +0 halberd!
You are engulfed in flames!
You slice the hell hog!!
You kill the hell hog!
Trog accepts your kill.
A salamander comes into view. It is wielding a +0 halberd.
The salamander hits you from afar with a +0 halberd.
You are engulfed in flames!
The salamander hits you with a +0 halberd.
You are engulfed in flames!
* * * LOW HITPOINT WARNING * * *
Your Axes skill increases to level 15!
You slice the salamander!!
The salamander is moderately wounded.
The salamander hits you from afar with a +0 halberd.
* * * LOW HITPOINT WARNING * * *
You are engulfed in flames!
* * * LOW HITPOINT WARNING * * *
The salamander closely misses you.
A red film seems to cover your vision as you go berserk!
You feel yourself moving faster!
You feel mighty!
The air gets thick with the scent of sulphur.
The salamander hits you from afar with a +0 halberd!
* * * LOW HITPOINT WARNING * * *
You are engulfed in flames!
* * * LOW HITPOINT WARNING * * *
The salamander hits you with a +0 halberd.
* * * LOW HITPOINT WARNING * * *
You are engulfed in flames!
You die...

≈~~.~.....~~...~~≈≈≈
.........^^^....##≈≈
#####...##+##....##
##.. ##.## ##..#'##
#... #.# #..#.#∩ #..[
#.# #..#.#∩ # #.N
##.## #..##.#
#...##N##...###
...####
.......@...§§.......#
§...§.≈≈≈..≈≈§§..≈§≈
≈≈§§.§§≈§≈≈≈≈§§≈.§
≈§≈≈§§≈§≈≈≈§≈≈≈§≈≈
§≈≈§≈§§§≈≈§≈≈≈§≈≈≈
≈≈≈≈§§≈§≈§§≈≈≈≈≈≈§ §
#§≈≈§§≈≈≈≈≈§#≈ ≈≈§§≈
§#§#≈≈≈


You could see 2 salamanders.

Vanquished Creatures
  An orc warlord (Bailey)
  2 hydras
  A boulder beetle (D:12)
  A catoblepas (D:12)
  3 two-headed ogres
  A hell hog (Volcano)
  The ghost of Villanelle the Thaumaturge, a novice SpFE of Lugonu (D:9)
  An orc knight (D:12)
  2 orc sorcerers (Orc:1)
  A cyclops (D:12)
  Maurice (D:8)
  A gargoyle (D:11)
  2 trolls
  A hornet (D:10)
  7 slime creatures
  A wind drake (shapeshifter) (D:5)
  A wyvern (D:9)
  15 yaks
  2 shadows
  3 wraiths
  A vampire (D:10)
  3 fire bats (Orc:1)
  A basilisk (D:13)
  16 humans (D:12)
  6 vampire mosquitoes
  2 steam dragons
  2 water moccasins
  4 acid dragons
  A black bear (D:8)
  An ice beast (D:7)
  21 orc warriors
  2 sky beasts
  5 ogres
  2 phantoms
  Blork the orc (D:4)
  5 kobold brigands
  4 gnoll sergeants
  3 bullfrogs
  2 necrophages
  4 scorpions
  11 wights
  24 killer bees
  3 howler monkeys
  A centaur zombie (Ossuary)
  7 hounds
  A jelly (D:5)
  Crazy Yiuf (D:3)
  11 orc priests
  2 iguanas (D:7)
  13 orc wizards
  4 mummies (Ossuary)
  Robin (D:3)
  20 gnolls
  8 adders
  A shadow imp (D:6)
  A worm (D:2)
  A dart slug (D:2)
  40 orcs
  9 endoplasms
  3 giant cockroaches
  24 goblins
  11 hobgoblins
  12 jackals
  21 kobolds
  2 quokkas
  6 ball pythons
  2 bats
  3 frilled lizards
  2 gnoll zombies (Ossuary)
  2 kobold zombies (Ossuary)
  3 orc zombies (Ossuary)
  2 rats (D:1)
386 creatures vanquished.

Vanquished Creatures (collateral kills)
  An adder (D:5)
1 creature vanquished.

Vanquished Creatures (others)
  A gnoll (Orc:1)
  An orc (Orc:1)
  3 fungi (D:5)
  8 plants (D:5)
13 creatures vanquished.

Grand Total: 400 creatures vanquished

Notes
Turn   | Place    | Note
-------+----------+-------------------------------------------
     0 | D:1      | snetch the Minotaur Berserker began the quest for the Orb.
     0 | D:1      | Reached XP level 1. HP: 19/19 MP: 0/0
   122 | D:1      | Noticed a shining eye
   143 | D:1      | Noticed an eye of devastation
   144 | D:1      | Found a faded altar of an unknown god.
   147 | D:1      | Noticed a floating eye
   147 | D:1      | Noticed a great orb of eyes
   303 | D:1      | Reached XP level 2. HP: 24/27 MP: 1/1
   425 | D:1      | Reached skill level 4 in Axes
   914 | D:2      | Reached XP level 3. HP: 25/33 MP: 2/2
  1250 | D:3      | Reached ** piety under Trog
  1260 | D:3      | Reached XP level 4. HP: 33/41 MP: 3/3
  1267 | D:3      | Reached skill level 5 in Axes
  1309 | D:3      | Noticed Robin
  1312 | D:3      | Reached XP level 5. HP: 35/47 MP: 4/4
  1320 | D:3      | Killed Robin
  2113 | D:3      | Found a blossoming altar of Fedhas.
  2662 | D:3      | Found a runed translucent door.
  2663 | D:3      | Noticed Crazy Yiuf
  2668 | D:3      | Killed Crazy Yiuf
  2913 | D:4      | Noticed an ogre
  2933 | D:4      | Killed an ogre
  2934 | D:4      | Reached skill level 5 in Fighting
  2934 | D:4      | Reached skill level 1 in Throwing
  2934 | D:4      | Reached XP level 6. HP: 56/56 MP: 5/5
  2995 | D:4      | Noticed a sky beast
  3001 | D:4      | Killed a sky beast
  3002 | D:4      | Reached skill level 6 in Axes
  3035 | D:5      | Entered Level 5 of the Dungeon
  3082 | D:5      | Noticed a glowing shapeshifter
  3082 | D:5      | an adder changed into a glowing shapeshifter
  3082 | D:5      | Noticed a wolf spider
  3082 | D:5      | a glowing shapeshifter changed into a wolf spider
  3086 | D:5      | Noticed a torpor snail
  3086 | D:5      | a wolf spider changed into a torpor snail
  3086 | D:5      | Noticed a steelbarb worm
  3086 | D:5      | a torpor snail changed into a steelbarb worm
  3087 | D:5      | Noticed a death drake
  3087 | D:5      | a steelbarb worm changed into a death drake
  3090 | D:5      | Noticed a wind drake
  3090 | D:5      | a death drake changed into a wind drake
  3093 | D:5      | Killed a wind drake
  3094 | D:5      | Reached skill level 1 in Staves
  3094 | D:5      | Reached skill level 5 in Armour
  3094 | D:5      | Reached XP level 7. HP: 24/61 MP: 6/6
  3124 | D:5      | Found a sand-covered staircase.
  3228 | Ossuary  | Entered an ossuary
  3617 | D:5      | Found a hazy altar of Hepliaklqana.
  3698 | D:4      | Found a staircase to the Ecumenical Temple.
  3708 | Temple   | Entered the Ecumenical Temple
  3912 | D:4      | Noticed Blork the orc
  3923 | D:4      | Killed Blork the orc
  3968 | D:4      | Reached XP level 8. HP: 52/70 MP: 7/7
  4268 | D:5      | Reached *** piety under Trog
  4308 | D:5      | Reached skill level 5 in Staves
  4308 | D:5      | Reached skill level 1 in Stealth
  4373 | D:5      | Found a sacrificial altar of Ru.
  4623 | D:5      | Reached skill level 7 in Axes
  5674 | D:6      | Found a bloodstained altar of Trog.
  5676 | D:6      | You fall into a shaft and drop 1 floor!
  5723 | D:6      | Found a snail-covered altar of Cheibriados.
  5776 | D:6      | Found a broken altar of Ashenzari.
  6149 | D:6      | Reached skill level 8 in Axes
  6149 | D:6      | Reached XP level 9. HP: 78/78 MP: 8/8
  6654 | D:7      | Found a white marble altar of Elyvilon.
  6746 | D:8      | Found an ornate altar of the Wu Jian Council.
  6933 | D:8      | Noticed Maurice
  6956 | D:8      | Killed Maurice
  6957 | D:8      | Reached skill level 9 in Axes
  7522 | D:7      | Reached skill level 1 in Shields
  7747 | D:7      | Identified the +1 ring mail "Joesobed" {rC+ rCorr}
  8087 | D:8      | Noticed a two-headed ogre
  8102 | D:8      | Killed a two-headed ogre
  8103 | D:8      | Reached skill level 10 in Axes
  8103 | D:8      | Reached skill level 1 in Polearms
  8103 | D:8      | Reached XP level 10. HP: 55/88 MP: 9/9
  8979 | D:9      | Reached **** piety under Trog
  9530 | D:9      | Reached skill level 5 in Throwing
  9757 | D:8      | Found an opulent altar of Gozag.
 10023 | D:8      | Found a shimmering blue altar of Sif Muna.
 10524 | D:9      | Reached skill level 5 in Polearms
 10989 | D:10     | Entered Level 10 of the Dungeon
 11113 | D:10     | Reached skill level 11 in Axes
 11113 | D:10     | Reached XP level 11. HP: 46/97 MP: 10/10
 11152 | D:10     | Found a runed translucent door.
 11166 | D:10     | Found a burning altar of Makhleb.
 11166 | D:10     | Noticed a sixfirhy
 11181 | D:10     | Found a flagged portal.
 11268 | Bailey   | Entered a bailey
 11312 | Bailey   | Noticed an orc warlord
 11366 | Bailey   | Reached skill level 5 in Shields
 11415 | Bailey   | Found a runed translucent gate.
 11417 | Bailey   | Found a runed translucent gate.
 11419 | Bailey   | Found a runed translucent gate.
 11624 | Bailey   | Killed an orc warlord
 11821 | D:9      | Found a runed translucent door.
 11826 | D:9      | Noticed Villanelle's ghost (novice SpFE)
 11847 | D:9      | Killed Villanelle's ghost
 11847 | D:9      | Reached ***** piety under Trog
 12017 | D:9      | Found a shimmering altar of Xom.
 12613 | D:10     | Found a glowing silver altar of Zin.
 13191 | D:10     | Paralysed by a hornet for 2 turns
 13203 | D:10     | Reached skill level 12 in Axes
 13234 | D:11     | Reached skill level 10 in Fighting
 13235 | D:11     | Reached skill level 10 in Armour
 13526 | D:10     | Found a staircase to the Lair.
 13536 | D:10     | Found a stormy altar of Qazlal.
 14030 | D:11     | Found Zaqead's General Store.
 14051 | D:11     | Bought a potion of heal wounds for 50 gold pieces
 14073 | D:11     | Bought a potion of heal wounds for 50 gold pieces
 14205 | D:11     | Received a gift from Trog
 14305 | D:11     | Reached skill level 1 in Maces & Flails
 14445 | D:11     | Noticed a seven-headed hydra
 14450 | D:11     | Killed a four-headed hydra
 14887 | D:12     | Noticed a six-headed hydra
 14896 | D:12     | Killed a three-headed hydra
 14903 | D:12     | Reached XP level 12. HP: 50/107 MP: 11/11
 15375 | D:12     | Reached skill level 13 in Axes
 15594 | D:12     | Found a staircase to the Orcish Mines.
 15610 | D:12     | Noticed a boulder beetle
 15618 | D:12     | Killed a boulder beetle
 15756 | D:13     | Noticed a two-headed ogre
 15756 | D:13     | Noticed Nessos
 15756 | D:13     | Found a gate to the Vaults.
 15781 | D:12     | Killed a two-headed ogre
 15782 | D:12     | Reached skill level 14 in Axes
 16661 | D:12     | Noticed a two-headed ogre
 16668 | D:12     | Killed a two-headed ogre
 17259 | D:12     | Noticed a catoblepas
 17267 | D:12     | Killed a catoblepas
 17315 | Orc:1    | Entered Level 1 of the Orcish Mines
 17402 | Orc:2    | Entered Level 2 of the Orcish Mines
 17434 | Orc:1    | Found Gacug's Mass Market.
 17750 | Orc:2    | Got the Catalogue of the Stinger
 17779 | Orc:1    | Found Odoisang's Overcharged Wands.
 17843 | Orc:1    | Received a gift from Trog
 17862 | Orc:1    | Found a dark tunnel.
 17884 | Volcano  | Entered a volcano
 18025 | Volcano  | Noticed a hell hog
 18027 | Volcano  | Killed a hell hog
 18028 | Volcano  | Reached skill level 15 in Axes
 18029 | Volcano  | HP: 7/168 [salamander/+0 halberd (2)]
 18029 | Volcano  | Mangled by a salamander

Illustrated notes

Levels and vault maps discovered:
D:1:      lightli_arrival_maybe_door_vault, layout_loops_ring,
          hellmonk_ecumenical_altar_watching_god
D:2:      layout_loops_cross, nicolae_figureground_pulse
D:3:      layout_loops_ring, fedhas_altar_1, bh_walls_and_bars, uniq_robin,
          uniq_crazy_yiuf_cottage
D:4:      layout_basic, minmay_temple_entry_crystal_x, uniq_blork_the_orc
D:5:      layout_basic, nzn_hepliaklqana_mist_gate,
          nicolae_ru_the_path_less_chosen, nicolae_ossuary_entry_ruins
D:6:      layout_basic, lemuel_tele_altar, cheibriados_altar_1,
          ashenzari_conservatory_becter
D:7:      layout_basic, elyvilon_altar_5, kennysheep_cross_bottleneck
D:8:      layout_cave_pods, lemuel_crystal_altar, mainiacjoe_overflow_big_doors,
          uniq_maurice
D:9:      minmay_bubble_buster, layout_basic,
          mainiacjoe_overflow_concentric_impassable,
          ebering_ghost_reflecting_pool
D:10:     layout_basic, nicolae_overflow_crystal_walls, nzn_makhleb_speed_demon,
          nicolae_qazlal_eye_of_the_storm, lair_entry_dummy, enter_bailey_3
D:11:     layout_roguey, serial_shops, nicolae_shop_crystal
D:12:     layout_stronghold, orc_0_dummy, minivault_1
D:13:     layout_roguey, david_vaults_3, nrook_guardian_serpent_ordinary
Temple:   hellmonk_temple_forest_ring
Orc:1:    layout_caves, nicolae_volcano_entry_batcave, nicolae_orc_damp_corner,
          minmay_shop_mass, nicolae_shop_overcharged_wands
Orc:2:    grunt_orc_cross, layout_diamond_mine, library_closet
Volcano:  volcano_village

Skill      XL: |  1  2  3  4  5  6  7  8  9 10 11 12 |
---------------+-------------------------------------+-----
Fighting       | 4 5 6 7 9 10 12 | 12.1
Axes           | 4 5 6 8 10 11 12 15 | 15.0
Armour         | 3 4 5 7 8 9 10 11 | 11.5
Throwing       | 1 2 3 4 5 6 |  6.6
Staves         | 1 4 6 |  6.0
Dodging        | 3 4 |  4.3
Stealth        | 1 |  1.8
Shields        | 2 4 6 |  6.2
Polearms       | 1 5 6 |  6.2
Maces & Flails | 3 |  3.2

Action                   |  1- 3 |  4- 6 |  7- 9 | 10-12 || total
-------------------------+-------+-------+-------+-------++-------
Melee: Hand axe          |    68 |    79 |       |       ||   147
       Headbutt          |    10 |    13 |    40 |   102 ||   165
       Punch             |     1 |     1 |       |       ||     2
       Quarterstaff      |       |    18 |    85 |       ||   103
       Battleaxe         |       |       |    21 |       ||    21
       War axe           |       |       |   147 |    22 ||   169
       Spear             |       |       |    11 |    50 ||    61
       Trident           |       |       |       |   167 ||   167
       Broad axe         |       |       |       |   161 ||   161
       Flail             |       |       |       |    46 ||    46
       Executioner's axe |       |       |       |   132 ||   132
Throw: Dart              |     4 |    26 |    38 |    46 ||   114
       Boomerang         |       |       |       |    34 ||    34
Invok: Berserk           |     1 |     2 |     4 |     6 ||    13
       Trog's Hand       |     1 |       |     2 |     6 ||     9
Armor: Chain mail        |    45 |    41 |    78 |       ||   164
       Plate armour      |       |       |    64 |   253 ||   317
       Ring mail         |       |       |       |    72 ||    72
Dodge: Dodged            |    31 |    31 |   112 |   315 ||   489
Block: Kite shield       |       |       |    25 |   237 ||   262
